 Dungeon Crawl Stone Soup version 0.30.0-20-g3615ddf2f0 (webtiles) character file.

Game seed: 6666169643918119602

148 qw the Chopper (level 5, -4/32 HPs)
             Began as a Gargoyle Fighter on May 29, 2023.
             Slain by a yak (9 damage)
             ... on level 4 of the Dungeon.
             The game lasted 00:01:21 (2628 turns).

qw the Chopper (Gargoyle Fighter)                   Turns: 2628, Time: 00:01:21

Health: -4/32      AC: 23    Str: 25    XL:     5   Next: 30%
Magic:  5/5        EV:  6    Int: 11    God:
Gold:   236        SH:  4    Dex:  9    Spells: 4/4 levels left

rFire   x . .        Y - +1 war axe
rCold   + . .        c - +0 buckler
rNeg    + . .        o - +0 plate armour
rPois   inf          (no helmet)
rElec   +            (no cloak)
rCorr   .            e - +0 pair of gloves
SInv    .            b - +0 pair of boots
Will    .....        (no amulet) Stlth
                     f - +4 ring of protection
HPRegen 0.25/turn    g - ring "Acik" {Ice *Corrode Str+5 Int+3 Slay+2}
MPRegen 0.09/turn

%: corrode self (3%)
@: about to teleport
A: sickness immunity, AC +4, negative energy resistance 1, electricity
resistance, torment resistance 1, petrification resistance, iridescent scales 1,
camouflage 1, weak 1
a: no special abilities


You were on level 4 of the Dungeon.
You visited 1 branch of the dungeon, and saw 4 of its levels.

You collected 236 gold pieces.


Innate Abilities, Weirdness & Mutations

You are immune to sickness and miasma.
Your stone body is resilient. (AC +4)
You are immune to poison.
You resist negative energy. (rN+)
You are resistant to electric shocks. (rElec)
You are resistant to unholy torment.
You are immune to petrification.
You are partially covered in iridescent scales. (AC +2)
Your skin changes colour to match your surroundings (Stealth+).
You are weak. (Str -2)


   Skills:
 - Level 3.2 Fighting
 + Level 4.8 Axes
 - Level 3.2 Armour
 - Level 3.2 Shields


You had 4 spell levels left.
You didn't know any spells.
Your spell library was empty.

Inventory:

Hand Weapons
 i - a +3 flail
 Y - a +1 war axe (weapon)
Armour
 b - a +0 pair of boots (worn)
 c - a +0 buckler (worn)
 e - a +0 pair of gloves (worn)
 o - a +0 plate armour (worn)
Jewellery
 f - a +4 ring of protection (left hand)
 g - the ring "Acik" (right hand) {Ice *Corrode Str+5 Int+3 Slay+2}
   (You acquired it on level 3 of the Dungeon)

   [ring of ice]

   It enhances your ice magic.
   Str:       It affects your strength (+5).
   Int:       It affects your intelligence (+3).
   Slay:      It affects your accuracy & damage with ranged weapons and melee
   (+2).
   rF:        It makes you vulnerable to fire.
   rC:        It protects you from cold.
   *Corrode:  It may corrode you when you take damage.
Scrolls
 a - 2 scrolls of teleportation
 h - a scroll of identify
Potions
 d - 3 potions of might
 k - 2 potions of heal wounds

Dungeon Overview and Level Annotations

Branches:
Dungeon (4/15)
 Temple: D:4-7

Altars:
Makhleb
Qazlal
Vehumet
The Shining One


Message History

(D) Dungeon
Where to? (* - list waypoints, Enter - D:3, ? - help)
What level of the Dungeon? (default 1, ? - help)
There is an open door here.
There is a stone staircase leading down here.
You climb downwards.
The yak bellows! x2
Found a brown potion and a scroll of teleportation.
Found a stone staircase leading down.
There is a stone staircase leading up here.
There are monsters nearby!
Waypoint 3 assigned to D:4.
A yak comes into view.
2618 ||| Stepping ~*~*~tactically~*~*~ (stealth).
2619 ||| Stepping ~*~*~tactically~*~*~ (stealth).
The yak bellows!
A yak comes into view.
The yak bellows!
You barely miss the yak. The yak gores you.
You slash the yak!
The yak is moderately wounded.
The yak gores you but does no damage.
You barely miss the yak.
The yak is moderately wounded.
The yak gores you!
You slash the yak!
The yak is severely wounded.
You slash the yak! The yak gores you. The yak gores you!
The yak gores you but does no damage.
You slash the yak!
The yak is almost dead.
You hit the yak but do no damage. You barely miss the yak. You slash the yak!
The yak gores you but does no damage. You block the yak's attack.
The yak gores you! You block the yak's attack.
2628 ||| READING 3 scrolls of teleportation.
As you read the scroll of teleportation, it crumbles to dust.
You feel strangely unstable. The yak gores you but does no damage.
The yak gores you!
You die...

# ># ..# .
######...##
#...###.Y........
#......@Y<.......
#..####YY........
#####....#. ...?#
...# ...# ..# ...


You could see 4 yaks.

Vanquished Creatures
  An orc priest (D:3)
  3 gnolls (D:3)
  2 adders
  3 dart slugs
  3 orcs
  5 ball pythons
  8 bats
  5 endoplasms
  5 giant cockroaches
  3 goblins
  5 hobgoblins
  2 jackals (D:1)
  5 kobolds
  2 quokkas (D:2)
  5 frilled lizards (D:1)
  5 rats
62 creatures vanquished.

Notes
Turn   | Place    | Note
-------+----------+-------------------------------------------
     0 | D:1      | qw the Gargoyle Fighter began the quest for the Orb.
     0 | D:1      | Reached XP level 1. HP: 14/14 MP: 1/1
     0 | D:1      | 0 ||| qw: Version: 0.2-a-101-gf424e7f
     0 | D:1      | 0 ||| qw: Game counter: 322
     0 | D:1      | 0 ||| qw: Always use a shield: true
     0 | D:1      | 0 ||| qw: God list: Okawaru
     0 | D:1      | 0 ||| qw: Allow faded altars: false
     0 | D:1      | 0 ||| qw: Do Orc after D:15 true
     0 | D:1      | 0 ||| qw: Do second Lair branch before Depths: true
     0 | D:1      | 0 ||| qw: Lair rune preference: random
     0 | D:1      | 0 ||| qw: Plans: Normal, Zot:1-4, Slime:5, God:TSO, Crypt,
                  | Tomb, Pan, Hells, Abyss, Win
     0 | D:1      | 0 ||| PLANNING D:1-11
    17 | D:1      | 17 ||| Stepping ~*~*~tactically~*~*~ (hiding).
    25 | D:1      | Reached skill level 2 in Axes
   153 | D:1      | 153 ||| Stepping ~*~*~tactically~*~*~ (stealth).
   154 | D:1      | 154 ||| Stepping ~*~*~tactically~*~*~ (stealth).
   162 | D:1      | Reached XP level 2. HP: 16/19 MP: 2/2
   366 | D:1      | 366 ||| Stepping ~*~*~tactically~*~*~ (stealth).
   398 | D:1      | Reached skill level 3 in Axes
   419 | D:1      | 419 ||| Stepping ~*~*~tactically~*~*~ (hiding).
   458 | D:1      | 458 ||| Stepping ~*~*~tactically~*~*~ (stealth).
   525 | D:1      | Reached XP level 3. HP: 23/23 MP: 3/3
   734 | D:1      | 734 ||| UPGRADING to +0 plate armour.
   744 | D:1      | 744 ||| DROPPING +0 scale mail.
   745 | D:1      | 745 ||| UPGRADING to +4 ring of protection.
   746 | D:1      | 746 ||| READING 2 scrolls labelled NIF BUAMEHAU.
   749 | D:1      | 749 ||| READING scroll labelled GEEWUD ZUSA.
   750 | D:1      | 750 ||| READING scroll labelled EMMA FIDAGUSTO.
   751 | D:1      | 751 ||| READING scroll labelled TIAGIU EJIBEH.
   752 | D:1      | 752 ||| READING scroll labelled YTANLA XYULEUMOLL.
   753 | D:1      | 753 ||| READING scroll labelled KUONWO OTOLO.
   754 | D:1      | 754 ||| READING scroll labelled GYSAIFEISS.
   755 | D:1      | 755 ||| READING scroll labelled DOMPAI OBIJE.
   756 | D:1      | 756 ||| DRINKING 3 amethyst potions.
   856 | D:2      | 856 ||| Stepping ~*~*~tactically~*~*~ (hiding).
  1170 | D:2      | 1170 ||| Stepping ~*~*~tactically~*~*~ (stealth).
  1300 | D:2      | 1300 ||| Stepping ~*~*~tactically~*~*~ (stealth).
  1313 | D:2      | 1313 ||| Stepping ~*~*~tactically~*~*~ (hiding).
  1438 | D:2      | Reached XP level 4. HP: 28/28 MP: 4/4
  1809 | D:2      | 1809 ||| DROPPING amulet of faith.
  1810 | D:2      | 1810 ||| READING scroll labelled NOTTA OKLATT.
  1811 | D:2      | 1811 ||| READING scroll labelled OMAIRPHE EVIRGH.
  1812 | D:2      | 1812 ||| DRINKING 2 murky purple potions.
  1812 | D:2      | Gained mutation: You occasionally lose the ability to drink
                  | potions when taking damage. [potion of mutation]
  1812 | D:2      | Gained mutation: Your skin changes colour to match your
                  | surroundings (Stealth+). [potion of mutation]
  1813 | D:2      | 1813 ||| DRINKING potion of mutation.
  1813 | D:2      | Lost mutation: Your skin changes colour to match your
                  | surroundings (Stealth+). [potion of mutation]
  1813 | D:2      | Lost mutation: You occasionally lose the ability to drink
                  | potions when taking damage. [potion of mutation]
  1813 | D:2      | Gained mutation: You are weak. (Str -2) [potion of
                  | mutation]
  1813 | D:2      | Gained mutation: Your skin changes colour to match your
                  | surroundings (Stealth+). [potion of mutation]
  1813 | D:2      | Gained mutation: You are partially covered in iridescent
                  | scales. (AC +2) [potion of mutation]
  1855 | D:3      | 1855 ||| STAIRDANCE
  1911 | D:3      | Reached skill level 4 in Axes
  1957 | D:3      | 1957 ||| DROPPING +0 club.
  1986 | D:3      | Found a burning altar of Makhleb.
  2048 | D:3      | 2048 ||| Stepping ~*~*~tactically~*~*~ (stealth).
  2050 | D:3      | 2050 ||| Stepping ~*~*~tactically~*~*~ (hiding).
  2059 | D:3      | Reached XP level 5. HP: 16/32 MP: 5/5
  2157 | D:3      | Identified the +2 leather armour "Kedwaes" {Dex+5}
  2189 | D:3      | Found a glowing golden altar of the Shining One.
  2257 | D:3      | 2257 ||| DROPPING +0 whip.
  2414 | D:3      | Found a radiant altar of Vehumet.
  2415 | D:3      | Found a stormy altar of Qazlal.
  2554 | D:3      | 2554 ||| UPGRADING to +0 pair of boots.
  2559 | D:3      | 2559 ||| UPGRADING to +0 pair of gloves.
  2564 | D:3      | 2564 ||| READING scroll labelled ECISYAFU ICATY.
  2564 | D:3      | Identified a scroll of acquirement
  2564 | D:3      | 2564 ||| ACQUIRING ring "Acik" {Ice *Corrode Str+5 Int+3
                  | Slay+2}
  2564 | D:3      | Acquired the ring "Acik" {Ice *Corrode Str+5 Int+3 Slay+2}
  2566 | D:3      | 2566 ||| UPGRADING to ring "Acik" {Ice *Corrode Str+5 Int+3
                  | Slay+2}.
  2567 | D:3      | 2567 ||| READING scroll labelled OSSUURYIZI.
  2568 | D:3      | 2568 ||| READING 2 scrolls of identify.
  2568 | D:3      | 2568 ||| IDENTIFYING puce potion
  2569 | D:3      | 2569 ||| DROPPING potion of flight.
  2616 | D:4      | Noticed a yak
  2616 | D:4      | Noticed a yak
  2617 | D:4      | Noticed a yak
  2618 | D:4      | 2618 ||| Stepping ~*~*~tactically~*~*~ (stealth).
  2619 | D:4      | 2619 ||| Stepping ~*~*~tactically~*~*~ (stealth).
  2621 | D:4      | Noticed a yak
  2627 | D:4      | HP: 5/32 [yak (10)]
  2628 | D:4      | 2628 ||| READING 3 scrolls of teleportation.
  2628 | D:4      | Slain by a yak

Levels and vault maps discovered:
D:1:      roderic_dead_forest, layout_rooms, minmay_close_crescents
D:2:      layout_loops_corners, minmay_hexomino_f4
D:3:      layout_rooms, nicolae_overflow_hidden_temple, lightli_temple_of_fire
D:4:      layout_loops_cross, elyvilon_altar_5, uniq_blork_the_orc, uniq_edmund

Skill      XL: |  1  2  3  4 |
---------------+-------------+-----
Axes           | 2 3 4 |  4.8
Fighting       | |  3.2
Armour         | |  3.2
Shields        | |  3.2

Action                     |  1- 3 |  4- 6 || total
---------------------------+-------+-------++-------
  Melee: War axe           |   107 |    67 ||   174
    Use: Scroll            |     8 |     6 ||    14
         Potion            |     1 |     2 ||     3
 Armour: Scale mail        |    43 |       ||    43
         Plate armour      |    23 |    60 ||    83
  Dodge: Dodged            |    40 |    14 ||    54
  Block: Buckler           |    16 |    15 ||    31

Table legend:
 A = Non-vault XP
 B = Vault XP
 C = Vault XP percentage of total XP
 D = Non-vault monster count
 E = Vault monster count
 F = Vault count percentage of total count
                 A         B        C        D         E       F
            +---------+---------+-------+---------+---------+-------
      Total |     200 |      12 |   5.7 |      55 |       7 |  11.3
            +---------+---------+-------+---------+---------+-------
        D:1 |      33 |       5 |  13.2 |      20 |       4 |  16.7
        D:2 |      47 |       7 |  13.0 |      18 |       3 |  14.3
        D:3 |     120 |       0 |   0.0 |      17 |       0 |   0.0
            +---------+---------+-------+---------+---------+-------
